Blackhawks vs Ducks

Created - Friday, November 28, 2014 at 23:53

Goals
1 2 3 T
Blackhawks 0 1 0 1
Ducks 1 1 3 5
Shots
1 2 3 T
Blackhawks 9 10 10 29
Ducks 8 11 9 28

1st period

1. Ducks , Tyler Bozak 9 (Patrick Kane, Marc Staal) at 1:20

Penalties :
Joey Crabb (Ana) for Interference (Minor) at 1:48, Jeff Carter (Chi) for Hooking (Minor) at 9:15, Brett Bellemore (Ana) for High sticking (Minor) at 11:40

2nd period

2. Blackhawks , Jaromir Jagr 5 (David Backes, Jeff Carter) at 0:49 (PP)
3. Ducks , Tyler Bozak 10 (Marc Staal, Patrick Kane) at 9:20 (PP)

Penalties :
Mike Richards (Ana) for Goalie Interference (Minor) at 0:13, Dustin Byfuglien (Chi) for Hooking (Minor) at 3:16, Dustin Byfuglien (Chi) for Interference (Minor) at 8:33, James Neal (Ana) for Slashing (Minor) at 9:45, Andrew Shaw (Chi) for Hooking (Minor) at 13:19, Mike Richards (Ana) for High sticking (Minor) at 17:58

3rd period

4. Ducks , Patrick Kane 13 (Tyler Bozak) at 14:15 (PP)
5. Ducks , Dennis Wideman 5 (Martin St. Louis, James Neal) at 18:35 (PP)
6. Ducks , Michal Rozsival 1 (Jonathan Huberdeau, Brett Bellemore) at 18:51

Penalties :
Tyler Bozak (Ana) for Roughing (Minor) at 0:39, PA Parenteau (Chi) for Roughing (Double Minor) at 11:29, Jaromir Jagr (Chi) for Interference (Minor) at 16:40

Goalie Stats

Anton Khudobin (Chi), 23 saves from 28 shots - (0.821), L, 6-6-1, 60:00 minutes
Martin Brodeur (Ana), 28 saves from 29 shots - (0.966), W, 4-4-1, 60:00 minutes

Players Stats for Blackhawks

Player Name              G  A  P  +/- PIM S  H  SB GA TA FO     MP     PP MP  PK MP  
------------------------------------------------------------------------------------
Andrew Shaw              0  0  0  -1  2   0  2  0  0  0  0/0     9:47   0:00   0:00 
Brock Nelson             0  0  0  -1  0   0  0  1  0  0  0/0     8:05   0:00   0:00 
Brooks Laich             0  0  0   0  0   0  0  0  1  1  6/17   15:45   0:00   5:02 
Cal Clutterbuck          0  0  0   0  0   0  3  2  0  2  0/0    15:03   0:00   5:02 
Curtis Glencross         0  0  0  -1  0   0  1  0  0  0  0/0    13:53   4:03   0:00 
David Backes             0  1  1  -1  0   5  1  0  4  1  9/15   15:53   6:28   0:00 
Dustin Byfuglien         0  0  0   0  4   4  5  2  1  2  0/2    17:01   5:56   0:00 
Jan Hejda                0  0  0  -1  0   0  1  3  0  0  0/0    21:25   0:00   6:46 
Jaromir Jagr             1  0  1   0  2   5  1  0  3  0  0/0    14:48   6:28   0:00 
Jeff Carter              0  1  1   0  2   3  1  0  1  1  6/12   16:02   6:28   0:00 
Jordie Benn              0  0  0  -1  0   1  0  2  0  0  0/0    16:03   0:00   4:39 
Justin Braun             0  0  0   0  0   0  0  4  1  0  0/0    18:12   0:00   4:39 
Martin Hanzal            0  0  0  -1  0   3  7  0  0  1  4/12   20:07   4:03   6:23 
Michael Del Zotto        0  0  0   0  0   1  2  2  0  1  0/0    22:53   4:35   6:46 
PA Parenteau             0  0  0   0  4   3  0  0  1  0  0/0     9:49   0:00   0:00 
Patrick Wiercioch        0  0  0  -1  0   1  1  1  0  0  0/0    15:10   4:35   0:00 
Ryan Callahan            0  0  0  -1  0   1  1  1  1  0  0/0    20:07   4:03   6:23 
Torey Krug               0  0  0  -1  0   2  0  0  1  0  0/0    18:21   5:56   0:00 

Players Stats for Ducks

Player Name              G  A  P  +/- PIM S  H  SB GA TA FO     MP     PP MP  PK MP  
------------------------------------------------------------------------------------
Anton Stralman           0  0  0   1  0   1  0  0  0  0  0/0    19:04   4:50   3:06 
Brett Bellemore          0  1  1   1  2   0  1  3  0  1  0/0    12:38   0:00   0:00 
Dennis Wideman           1  0  1   0  0   2  1  6  0  2  0/0    28:56   6:35   7:25 
James Neal               0  1  1   0  2   2  0  0  2  0  3/4    19:02   6:14   1:42 
James Sheppard           0  0  0   1  0   1  1  0  0  1  0/1    12:44   0:00   2:52 
Joey Crabb               0  0  0   0  2   0  0  0  0  0  1/1     8:08   0:00   0:00 
Jonathan Huberdeau       0  1  1   1  0   2  0  0  2  0  2/9     9:52   0:00   0:00 
Marc Staal               0  2  2   1  0   2  1  0  0  0  0/0    19:04   4:50   3:06 
Martin St. Louis         0  1  1   0  0   3  1  0  3  0  3/8    22:42   6:14   7:04 
Matt Frattin             0  0  0   0  0   0  0  0  0  0  0/0     7:40   0:00   0:00 
Matthew Carle            0  0  0   0  0   4  2  3  0  4  0/0    28:56   6:35   7:25 
Michal Rozsival          1  0  1   1  0   2  0  1  0  0  0/0    11:59   0:00   0:00 
Mike Richards            0  0  0   0  4   0  1  3  1  0  11/17  20:36   6:14   4:58 
Patrick Kane             1  2  3   1  0   2  0  0  5  1  1/2    18:30   5:11   2:14 
Sean Bergenheim          0  0  0   1  0   1  1  1  0  0  0/1    16:32   5:11   1:57 
TJ Galiardi              0  0  0   1  0   1  0  0  0  0  0/0    10:51   0:00   0:15 
Tom Pyatt                0  0  0   0  0   1  0  2  1  0  1/2     6:58   0:00   0:00 
Tyler Bozak              2  1  3   1  2   4  2  0  2  0  11/13  15:06   5:11   0:00 

3 Stars

1 - Tyler Bozak (Ana)
2 - Patrick Kane (Ana)
3 - Martin Brodeur (Ana)

Power Play

Blackhawks - 1 on 6 Attempt(s) - 16.67%
Ducks - 3 on 7 Attempt(s) - 42.86%

Penalty Kill

Blackhawks - 4 on 7 Attempt(s) - 57.14% - Score 0 goal in Penalty Kill
Ducks - 5 on 6 Attempt(s) - 83.33% - Score 0 goal in Penalty Kill

Official

Referees : Unknown
Linesman : Unknown

Game Notes

Tom Pyatt is injured at 8:29 of 3rd period (Strained Right Knee)

Finance

Level 1 -- Attendance: 4091 (68.18%) -- Ticket Income $388,645
Level 2 -- Attendance: 4698 (93.96%) -- Ticket Income $234,900
Level 3 -- Attendance: 1826 (91.30%) -- Ticket Income $54,780
Level 4 -- Attendance: 3838 (95.95%) -- Ticket Income $69,084
Luxury Box -- Attendance: 703 (70.30%) -- Ticket Income $130,055
Game was played at the Honda Center
Total Attendance: 15156 (84.20%)
Total Ticket Income: $877,464
Other Income: $429,957
Total Income: $1,307,421

Blackhawks

5 vs 5 Forward 
   Center                   Left Wing                Right Wing               Time % Phy DF OF 
 1 Jeff Carter              Cal Clutterbuck          Jaromir Jagr             25     0   2  3  
 2 Martin Hanzal            Brock Nelson             Ryan Callahan            25     0   2  3  
 3 David Backes             Curtis Glencross         Andrew Shaw              25     1   2  2  
 4 Brooks Laich             Dustin Byfuglien         PA Parenteau             25     1   2  2  

5 vs 5 Defense 
   Defense                  Defense                                           Time % Phy DF OF 
 1 Michael Del Zotto        Justin Braun                                      30     1   2  2  
 2 Jan Hejda                Patrick Wiercioch                                 30     1   2  2  
 3 Torey Krug               Jordie Benn                                       30     1   2  2  
 4 Jan Hejda                Justin Braun                                      10     1   2  2  

PowerPlay Forward 
   Center                   Left Wing                Right Wing               Time % Phy DF OF 
 1 David Backes             Jaromir Jagr             Jeff Carter              55     0   1  4  
 2 Martin Hanzal            Curtis Glencross         Ryan Callahan            45     0   1  4  

PowerPlay Defense
   Defense                  Defense                                           Time % Phy DF OF 
 1 Torey Krug               Dustin Byfuglien                                  55     0   2  3  
 2 Michael Del Zotto        Patrick Wiercioch                                 45     0   2  3  

Penalty Kill 4 Players Forward 
   Center                   Wing                     Time % Phy DF OF 
 1 Brooks Laich             Cal Clutterbuck          50     1   3  1  
 2 Martin Hanzal            Ryan Callahan            50     1   3  1  

Penalty Kill 4 Players Defense
   Defense                  Defense                  Time % Phy DF OF 
 1 Jordie Benn              Justin Braun             50     2   3  0  
 2 Jan Hejda                Michael Del Zotto        50     2   3  0  

Penalty Kill - 3 Players Forward 
   Forward                                           Time % Phy DF OF 
 1 Brooks Laich                                      50     1   4  0  
 2 David Backes                                      50     1   4  0  

Penalty Kill - 3 Players Defense
   Defense                  Defense                  Time % Phy DF OF 
 1 Jan Hejda                Michael Del Zotto        50     1   4  0  
 2 Jordie Benn              Justin Braun             50     1   4  0  

4 vs 4 Forward 
   Center                   Wing                     Time % Phy DF OF 
 1 David Backes             Jeff Carter              50     0   2  3  
 2 Martin Hanzal            Curtis Glencross         50     0   2  3  

4 vs 4 Defense
   Defense                  Defense                  Time % Phy DF OF 
 1 Michael Del Zotto        Justin Braun             50     1   2  2  
 2 Torey Krug               Jordie Benn              50     1   2  2  

Last Minutes Offensive
   Center                   Left Wing                Right Wing               Defense                  Defense                  
   David Backes             Jaromir Jagr             Jeff Carter              Torey Krug               Dustin Byfuglien         

Last Minutes Defensive
   Center                   Left Wing                Right Wing               Defense                  Defense                  
   David Backes             Brooks Laich             Ryan Callahan            Jan Hejda                Justin Braun             

Goaltenders
Starting : Anton Khudobin           
Backup : Craig Anderson           

Extra Forwards
Normal : Jeff Carter, Martin Hanzal, PA Parenteau - PP : Andrew Shaw, Martin Hanzal - PK : David Backes
Extra Defensemen
Normal : Dustin Byfuglien, Torey Krug, Michael Del Zotto - PP : Dustin Byfuglien - PK : Justin Braun, Jan Hejda
Penalty Shots
Brooks Laich, PA Parenteau, Jeff Carter, Ryan Callahan, Jaromir Jagr

Ducks

5 vs 5 Forward 
   Center                   Left Wing                Right Wing               Time % Phy DF OF 
 1 Mike Richards            Martin St. Louis         James Neal               35     1   2  2  
 2 Tyler Bozak              Sean Bergenheim          Patrick Kane             30     1   2  2  
 3 Jonathan Huberdeau       TJ Galiardi              James Sheppard           22     1   2  2  
 4 Tom Pyatt                Matt Frattin             Joey Crabb               13     1   2  2  

5 vs 5 Defense 
   Defense                  Defense                                           Time % Phy DF OF 
 1 Matthew Carle            Dennis Wideman                                    35     1   2  2  
 2 Marc Staal               Anton Stralman                                    30     1   2  2  
 3 Brett Bellemore          Michal Rozsival                                   22     1   2  2  
 4 Matthew Carle            Dennis Wideman                                    13     1   2  2  

PowerPlay Forward 
   Center                   Left Wing                Right Wing               Time % Phy DF OF 
 1 Mike Richards            Martin St. Louis         James Neal               60     1   2  2  
 2 Tyler Bozak              Sean Bergenheim          Patrick Kane             40     1   2  2  

PowerPlay Defense
   Defense                  Defense                                           Time % Phy DF OF 
 1 Matthew Carle            Dennis Wideman                                    60     1   2  2  
 2 Marc Staal               Anton Stralman                                    40     1   2  2  

Penalty Kill 4 Players Forward 
   Center                   Wing                     Time % Phy DF OF 
 1 Martin St. Louis         Mike Richards            60     1   2  2  
 2 James Neal               Patrick Kane             40     1   2  2  

Penalty Kill 4 Players Defense
   Defense                  Defense                  Time % Phy DF OF 
 1 Matthew Carle            Dennis Wideman           60     1   2  2  
 2 Marc Staal               Anton Stralman           40     1   2  2  

Penalty Kill - 3 Players Forward 
   Forward                                           Time % Phy DF OF 
 1 Martin St. Louis                                  60     1   2  2  
 2 Mike Richards                                     40     1   2  2  

Penalty Kill - 3 Players Defense
   Defense                  Defense                  Time % Phy DF OF 
 1 Matthew Carle            Dennis Wideman           60     1   2  2  
 2 Marc Staal               Anton Stralman           40     1   2  2  

4 vs 4 Forward 
   Center                   Wing                     Time % Phy DF OF 
 1 Martin St. Louis         Mike Richards            60     1   2  2  
 2 James Neal               Patrick Kane             40     1   2  2  

4 vs 4 Defense
   Defense                  Defense                  Time % Phy DF OF 
 1 Matthew Carle            Dennis Wideman           60     1   2  2  
 2 Marc Staal               Anton Stralman           40     1   2  2  

Last Minutes Offensive
   Center                   Left Wing                Right Wing               Defense                  Defense                  
   Mike Richards            Martin St. Louis         James Neal               Matthew Carle            Dennis Wideman           

Last Minutes Defensive
   Center                   Left Wing                Right Wing               Defense                  Defense                  
   Mike Richards            Martin St. Louis         James Neal               Matthew Carle            Dennis Wideman           

Goaltenders
Starting : Martin Brodeur           
Backup : Jonathan Bernier         

Extra Forwards
Normal : Jonathan Huberdeau, TJ Galiardi, James Sheppard - PP : Jonathan Huberdeau, TJ Galiardi - PK : James Sheppard
Extra Defensemen
Normal : Brett Bellemore, Michal Rozsival, Marc Staal - PP : Brett Bellemore - PK : Michal Rozsival, Marc Staal
Penalty Shots
Martin St. Louis, Mike Richards, James Neal, Patrick Kane, Tyler Bozak

% Time on Ice - Blackhawks

Lines # - Real PCT - Wanted PCT - Time Play
Normal Forward
1 - 24% - 25% - 9:14
2 - 25% - 25% - 9:42
3 - 24% - 25% - 9:18
4 - 26% - 25% - 9:50
Normal Defense
1 - 31% - 30% - 11:39
2 - 32% - 30% - 12:06
3 - 30% - 30% - 11:24
4 - 8% - 10% - 2:55
PP Forward
1 - 61% - 55% - 6:28
2 - 39% - 45% - 4:03
PP Defense
1 - 56% - 55% - 5:56
2 - 44% - 45% - 4:35
PK Forward
1 - 44% - 50% - 5:02
2 - 56% - 50% - 6:23
PK Defense
1 - 41% - 50% - 4:39
2 - 59% - 50% - 6:46
PK3 Forward
1 - 0% - 50%
2 - 0% - 50%
PK3 Defense
1 - 0% - 50%
2 - 0% - 50%
44 Forward
1 - 0% - 50%
2 - 0% - 50%
44 Defense
1 - 0% - 50%
2 - 0% - 50%
Last Minute Offensive  - 0:00
Last Minute Defensive  - 0:00
Total
Forward - 60:00
Defense - 60:00

% Time on Ice - Ducks

Lines # - Real PCT - Wanted PCT - Time Play
Normal Forward
1 - 25% - 35% - 9:26
2 - 29% - 30% - 11:05
3 - 26% - 22% - 9:52
4 - 20% - 13% - 7:41
Normal Defense
1 - 36% - 35% - 13:38
2 - 29% - 30% - 11:08
3 - 32% - 22% - 12:00
4 - 3% - 13% - 1:18
PP Forward
1 - 55% - 60% - 6:14
2 - 45% - 40% - 5:11
PP Defense
1 - 58% - 60% - 6:35
2 - 42% - 40% - 4:50
PK Forward
1 - 79% - 60% - 8:17
2 - 21% - 40% - 2:14
PK Defense
1 - 71% - 60% - 7:25
2 - 29% - 40% - 3:06
PK3 Forward
1 - 0% - 60%
2 - 0% - 40%
PK3 Defense
1 - 0% - 60%
2 - 0% - 40%
44 Forward
1 - 0% - 60%
2 - 0% - 40%
44 Defense
1 - 0% - 60%
2 - 0% - 40%
Last Minute Offensive  - 0:00
Last Minute Defensive  - 0:00
Total
Forward - 60:00
Defense - 60:00

Play by Play

1st period


0:01 of 1st period - Mike Richards wins face-off versus Jeff Carter in neutral zone.
0:18 of 1st period - Wrist shot by James Neal.
0:18 of 1st period - Shot Misses the Net.
0:20 of 1st period - Snap shot by Matthew Carle.
0:20 of 1st period - Stopped by Anton Khudobin with a rebound.
0:22 of 1st period - Wrist shot by Mike Richards.
0:22 of 1st period - Shot Blocked by Cal Clutterbuck.
0:30 of 1st period - Wrist shot by James Neal.
0:30 of 1st period - Shot Misses the Net.
0:32 of 1st period - Slapshot by Matthew Carle.
0:32 of 1st period - Stopped by Anton Khudobin with a rebound.
1:20 of 1st period - Slapshot by Tyler Bozak.
1:20 of 1st period - Goal by Tyler Bozak - Blackhawks : 0 - Ducks : 1.
1:21 of 1st period - David Backes wins face-off versus Jonathan Huberdeau in neutral zone.
1:28 of 1st period - Wrist shot by Torey Krug.
1:28 of 1st period - Deflect By Curtis Glencross.
1:28 of 1st period - Deflect By Jonathan Huberdeau.
1:28 of 1st period - Shot Blocked by Brett Bellemore.
1:28 of 1st period - Puck is out of play.
1:29 of 1st period - David Backes wins face-off versus Jonathan Huberdeau in Ducks zone.
1:32 of 1st period - Slapshot by Curtis Glencross.
1:32 of 1st period - Shot Misses the Net.
1:34 of 1st period - Snap shot by David Backes.
1:34 of 1st period - Shot Misses the Net.
1:36 of 1st period - Snap shot by Jordie Benn.
1:36 of 1st period - Shot Blocked by Brett Bellemore.
1:38 of 1st period - Wrist shot by David Backes.
1:38 of 1st period - Stopped by Martin Brodeur with a rebound.
1:40 of 1st period - Snap shot by Andrew Shaw.
1:40 of 1st period - Shot Blocked by Michal Rozsival.
1:42 of 1st period - Slapshot by Jordie Benn.
1:42 of 1st period - Stopped by Martin Brodeur with a rebound.
1:44 of 1st period - Snap shot by Torey Krug.
1:44 of 1st period - Stopped by Martin Brodeur without a rebound.
1:45 of 1st period - Tom Pyatt wins face-off versus Brooks Laich in Ducks zone.
1:45 of 1st period - Tom Pyatt is hit by Dustin Byfuglien.
1:48 of 1st period - Minor Penalty to Joey Crabb for Interference.
1:49 of 1st period - David Backes wins face-off versus Martin St. Louis in Ducks zone.
2:43 of 1st period - Dennis Wideman is hit by Martin Hanzal and loses puck.
3:31 of 1st period - Icing by Michael Del Zotto.
3:32 of 1st period - James Neal wins face-off versus David Backes in Blackhawks zone.
3:48 of 1st period - Penalty to Joey Crabb is over, Joey Crabb is back on ice.
4:37 of 1st period - TJ Galiardi is hit by Martin Hanzal and loses puck.
5:18 of 1st period - Wrist shot by David Backes.
5:18 of 1st period - Shot Blocked by Brett Bellemore.
5:26 of 1st period - Snap shot by Curtis Glencross.
5:26 of 1st period - Deflect By David Backes.
5:26 of 1st period - Stopped by Martin Brodeur with a rebound.
5:38 of 1st period - Wrist shot by Tom Pyatt.
5:38 of 1st period - Stopped by Anton Khudobin without a rebound.
5:39 of 1st period - Mike Richards wins face-off versus Brooks Laich in Blackhawks zone.
6:43 of 1st period - Snap shot by Jaromir Jagr.
6:43 of 1st period - Shot Misses the Net.
7:24 of 1st period - Tom Pyatt is hit by Martin Hanzal and loses puck.
9:03 of 1st period - Snap shot by Dustin Byfuglien.
9:03 of 1st period - Stopped by Martin Brodeur without a rebound.
9:04 of 1st period - Tyler Bozak wins face-off versus Jeff Carter in Ducks zone.
9:04 of 1st period - Tyler Bozak is hit by Jan Hejda.
9:15 of 1st period - Minor Penalty to Jeff Carter for Hooking.
9:16 of 1st period - Brooks Laich wins face-off versus Mike Richards in Blackhawks zone.
10:34 of 1st period - Jan Hejda is hit by Sean Bergenheim.
10:58 of 1st period - Cal Clutterbuck is hit by Mike Richards and loses puck.
11:15 of 1st period - Penalty to Jeff Carter is over, Jeff Carter is back on ice.
11:40 of 1st period - Minor Penalty to Brett Bellemore for High sticking.
11:41 of 1st period - David Backes wins face-off versus Martin St. Louis in Ducks zone.
11:51 of 1st period - Snap shot by Mike Richards.
11:51 of 1st period - Shot Misses the Net.
11:53 of 1st period - Slapshot by Marc Staal.
11:53 of 1st period - Shot Blocked by Dustin Byfuglien.
11:55 of 1st period - Slapshot by Anton Stralman.
11:55 of 1st period - Shot Misses the Net.
11:57 of 1st period - Slapshot by Marc Staal.
11:57 of 1st period - Shot Misses the Net.
11:59 of 1st period - Wrist shot by Martin St. Louis.
11:59 of 1st period - Deflect By Mike Richards.
11:59 of 1st period - Deflect By David Backes.
11:59 of 1st period - Shot Hit the Post.
11:59 of 1st period - Puck is out of play.
12:00 of 1st period - Martin St. Louis wins face-off versus David Backes in Blackhawks zone.
12:45 of 1st period - Curtis Glencross is hit by Marc Staal.
12:51 of 1st period - Wrist shot by Sean Bergenheim.
12:51 of 1st period - Shot Misses the Net.
12:53 of 1st period - Snap shot by Dennis Wideman.
12:53 of 1st period - Stopped by Anton Khudobin without a rebound.
12:54 of 1st period - David Backes wins face-off versus James Sheppard in Blackhawks zone.
13:26 of 1st period - Icing by Curtis Glencross.
13:27 of 1st period - James Neal wins face-off versus Martin Hanzal in Blackhawks zone.
13:40 of 1st period - Penalty to Brett Bellemore is over, Brett Bellemore is back on ice.
14:28 of 1st period - Backhand shot by Matt Frattin.
14:28 of 1st period - Shot Misses the Net.
14:30 of 1st period - Slapshot by Marc Staal.
14:30 of 1st period - Deflect By Matt Frattin.
14:30 of 1st period - Shot Blocked by Jordie Benn.
14:30 of 1st period - Puck is out of play.
14:31 of 1st period - Jeff Carter wins face-off versus Tom Pyatt in Blackhawks zone.
15:16 of 1st period - Slapshot by TJ Galiardi.
15:16 of 1st period - Deflect By James Sheppard.
15:16 of 1st period - Stopped by Anton Khudobin with a rebound.
16:52 of 1st period - Wrist shot by Patrick Kane.
16:52 of 1st period - Shot Misses the Net.
17:02 of 1st period - Marc Staal is hit by Martin Hanzal and loses puck.
17:07 of 1st period - Backhand shot by Martin Hanzal.
17:07 of 1st period - Deflect By Patrick Kane.
17:07 of 1st period - Stopped by Martin Brodeur with a rebound.
17:09 of 1st period - Wrist shot by Ryan Callahan.
17:09 of 1st period - Shot Misses the Net.
17:11 of 1st period - Slapshot by Michael Del Zotto.
17:11 of 1st period - Shot Misses the Net.
17:13 of 1st period - Snap shot by Ryan Callahan.
17:13 of 1st period - Stopped by Martin Brodeur with a rebound.
17:29 of 1st period - Joey Crabb is hit by Dustin Byfuglien and loses puck.
17:50 of 1st period - Snap shot by PA Parenteau.
17:50 of 1st period - Stopped by Martin Brodeur with a rebound.
17:52 of 1st period - Wrist shot by Dustin Byfuglien.
17:52 of 1st period - Shot Misses the Net.
18:10 of 1st period - Snap shot by Jaromir Jagr.
18:10 of 1st period - Stopped by Martin Brodeur without a rebound.
18:11 of 1st period - Jonathan Huberdeau wins face-off versus Jeff Carter in Ducks zone.
18:16 of 1st period - Slapshot by Dennis Wideman.
18:16 of 1st period - Deflect By James Sheppard.
18:16 of 1st period - Shot Blocked by Patrick Wiercioch.
18:16 of 1st period - Puck is out of play.
18:17 of 1st period - Jeff Carter wins face-off versus Jonathan Huberdeau in Blackhawks zone.
19:29 of 1st period - Slapshot by James Neal.
19:29 of 1st period - Deflect By Ryan Callahan.
19:29 of 1st period - Shot Misses the Net.
19:29 of 1st period - Puck is out of play.
19:30 of 1st period - Tyler Bozak wins face-off versus Brooks Laich in Blackhawks zone.
19:43 of 1st period - Snap shot by Patrick Kane.
19:43 of 1st period - Stopped by Anton Khudobin with a rebound.
19:45 of 1st period - Snap shot by Michal Rozsival.
19:45 of 1st period - Stopped by Anton Khudobin without a rebound.
19:46 of 1st period - Tyler Bozak wins face-off versus Brooks Laich in Blackhawks zone.
Goals for this period are 0 for Blackhawks vs 1 for Ducks.
Shots for this period are 9 for Blackhawks vs 8 for Ducks.

2nd period


0:01 of 2nd period - Mike Richards wins face-off versus David Backes in neutral zone.
0:06 of 2nd period - Snap shot by Martin St. Louis.
0:06 of 2nd period - Stopped by Anton Khudobin with a rebound.
0:13 of 2nd period - Minor Penalty to Mike Richards for Goalie Interference.
0:14 of 2nd period - Martin St. Louis wins face-off versus Jeff Carter in Ducks zone.
0:49 of 2nd period - Wrist shot by Jaromir Jagr.
0:49 of 2nd period - Goal by Jaromir Jagr - Blackhawks : 1 - Ducks : 1.
0:50 of 2nd period - Tyler Bozak wins face-off versus Martin Hanzal in neutral zone.
0:59 of 2nd period - Snap shot by Tyler Bozak.
0:59 of 2nd period - Shot Misses the Net.
1:01 of 2nd period - Slapshot by Matthew Carle.
1:01 of 2nd period - Stopped by Anton Khudobin with a rebound.
1:03 of 2nd period - Slapshot by Dennis Wideman.
1:03 of 2nd period - Shot Blocked by Justin Braun.
1:43 of 2nd period - Matthew Carle is hit by Andrew Shaw and loses puck.
1:54 of 2nd period - Snap shot by David Backes.
1:54 of 2nd period - Shot Blocked by Mike Richards.
2:02 of 2nd period - Curtis Glencross is hit by Martin St. Louis and loses puck.
2:45 of 2nd period - Slapshot by Jonathan Huberdeau.
2:45 of 2nd period - Shot Misses the Net.
2:47 of 2nd period - Slapshot by Marc Staal.
2:47 of 2nd period - Stopped by Anton Khudobin with a rebound.
2:49 of 2nd period - Slapshot by TJ Galiardi.
2:49 of 2nd period - Shot Misses the Net.
2:51 of 2nd period - Snap shot by Jonathan Huberdeau.
2:51 of 2nd period - Stopped by Anton Khudobin without a rebound.
2:52 of 2nd period - Joey Crabb wins face-off versus Dustin Byfuglien in Blackhawks zone.
3:16 of 2nd period - Minor Penalty to Dustin Byfuglien for Hooking.
3:17 of 2nd period - Brooks Laich wins face-off versus Mike Richards in Blackhawks zone.
3:39 of 2nd period - Snap shot by James Neal.
3:39 of 2nd period - Stopped by Anton Khudobin without a rebound.
3:40 of 2nd period - Tyler Bozak wins face-off versus Martin Hanzal in Blackhawks zone.
3:45 of 2nd period - Slapshot by Patrick Kane.
3:45 of 2nd period - Deflect By Tyler Bozak.
3:45 of 2nd period - Shot Misses the Net.
3:45 of 2nd period - Puck is out of play.
3:46 of 2nd period - Martin Hanzal wins face-off versus Patrick Kane in Blackhawks zone.
5:00 of 2nd period - Snap shot by James Neal.
5:00 of 2nd period - Shot Misses the Net.
5:02 of 2nd period - Snap shot by Mike Richards.
5:02 of 2nd period - Shot Blocked by Jan Hejda.
5:04 of 2nd period - Backhand shot by Martin St. Louis.
5:04 of 2nd period - Stopped by Anton Khudobin with a rebound.
5:16 of 2nd period - Penalty to Dustin Byfuglien is over, Dustin Byfuglien is back on ice.
6:00 of 2nd period - Wrist shot by Jonathan Huberdeau.
6:00 of 2nd period - Shot Blocked by Jan Hejda.
6:02 of 2nd period - Slapshot by Michal Rozsival.
6:02 of 2nd period - Shot Blocked by Michael Del Zotto.
6:04 of 2nd period - Snap shot by TJ Galiardi.
6:04 of 2nd period - Stopped by Anton Khudobin with a rebound.
6:56 of 2nd period - Wrist shot by David Backes.
6:56 of 2nd period - Stopped by Martin Brodeur without a rebound.
6:57 of 2nd period - Jeff Carter wins face-off versus Mike Richards in Ducks zone.
7:00 of 2nd period - Snap shot by Jaromir Jagr.
7:00 of 2nd period - Shot Misses the Net.
7:12 of 2nd period - Snap shot by Jeff Carter.
7:12 of 2nd period - Stopped by Martin Brodeur with a rebound.
7:14 of 2nd period - Wrist shot by Jordie Benn.
7:14 of 2nd period - Shot Blocked by Dennis Wideman.
7:26 of 2nd period - Wrist shot by James Neal.
7:26 of 2nd period - Shot Misses the Net.
7:35 of 2nd period - Matthew Carle is hit by Jaromir Jagr and loses puck.
8:25 of 2nd period - Snap shot by Patrick Kane.
8:25 of 2nd period - Shot Misses the Net.
8:33 of 2nd period - Minor Penalty to Dustin Byfuglien for Interference.
8:34 of 2nd period - Martin Hanzal wins face-off versus James Neal in Blackhawks zone.
8:51 of 2nd period - Wrist shot by Martin St. Louis.
8:51 of 2nd period - Deflect By Ryan Callahan.
8:51 of 2nd period - Stopped by Anton Khudobin with a rebound.
9:02 of 2nd period - Off-side.
9:03 of 2nd period - Tyler Bozak wins face-off versus Brooks Laich in neutral zone.
9:14 of 2nd period - Wrist shot by Patrick Kane.
9:14 of 2nd period - Shot Blocked by Justin Braun.
9:16 of 2nd period - Wrist shot by Marc Staal.
9:16 of 2nd period - Shot Misses the Net.
9:18 of 2nd period - Slapshot by Marc Staal.
9:18 of 2nd period - Deflect By Justin Braun.
9:18 of 2nd period - Stopped by Anton Khudobin with a rebound.
9:20 of 2nd period - Snap shot by Tyler Bozak.
9:20 of 2nd period - Goal by Tyler Bozak - Blackhawks : 1 - Ducks : 2.
9:21 of 2nd period - Mike Richards wins face-off versus David Backes in neutral zone.
9:45 of 2nd period - Minor Penalty to James Neal for Slashing.
9:46 of 2nd period - David Backes wins face-off versus Martin St. Louis in Ducks zone.
9:50 of 2nd period - Snap shot by David Backes.
9:50 of 2nd period - Shot Blocked by Dennis Wideman.
9:52 of 2nd period - Slapshot by Dustin Byfuglien.
9:52 of 2nd period - Shot Misses the Net.
10:00 of 2nd period - Snap shot by Jeff Carter.
10:00 of 2nd period - Deflect By Jaromir Jagr.
10:00 of 2nd period - Stopped by Martin Brodeur with a rebound.
10:02 of 2nd period - Snap shot by Jeff Carter.
10:02 of 2nd period - Shot Misses the Net.
10:04 of 2nd period - Slapshot by Dustin Byfuglien.
10:04 of 2nd period - Shot Blocked by Dennis Wideman.
10:06 of 2nd period - Slapshot by Torey Krug.
10:06 of 2nd period - Stopped by Martin Brodeur without a rebound.
10:07 of 2nd period - Martin Hanzal wins face-off versus Martin St. Louis in Ducks zone.
11:09 of 2nd period - Matthew Carle is hit by David Backes and loses puck.
11:20 of 2nd period - Anton Stralman is hit by Michael Del Zotto.
11:24 of 2nd period - Jaromir Jagr is hit by James Sheppard and loses puck.
11:45 of 2nd period - Penalty to James Neal is over, James Neal is back on ice.
12:15 of 2nd period - Slapshot by PA Parenteau.
12:15 of 2nd period - Shot Misses the Net.
12:36 of 2nd period - Icing by Torey Krug.
12:37 of 2nd period - Brooks Laich wins face-off versus Tyler Bozak in Blackhawks zone.
12:52 of 2nd period - Snap shot by Sean Bergenheim.
12:52 of 2nd period - Stopped by Anton Khudobin without a rebound.
12:53 of 2nd period - Tyler Bozak wins face-off versus David Backes in Blackhawks zone.
13:19 of 2nd period - Minor Penalty to Andrew Shaw for Hooking.
13:20 of 2nd period - Mike Richards wins face-off versus Brooks Laich in Blackhawks zone.
15:14 of 2nd period - Slapshot by James Neal.
15:14 of 2nd period - Shot Blocked by Justin Braun.
15:16 of 2nd period - Slapshot by Anton Stralman.
15:16 of 2nd period - Deflect By Martin St. Louis.
15:16 of 2nd period - Shot Blocked by Jordie Benn.
15:16 of 2nd period - Puck is out of play.
15:17 of 2nd period - Mike Richards wins face-off versus Brooks Laich in Blackhawks zone.
15:19 of 2nd period - Penalty to Andrew Shaw is over, Andrew Shaw is back on ice.
15:48 of 2nd period - Icing by James Sheppard.
15:49 of 2nd period - Jeff Carter wins face-off versus Jonathan Huberdeau in Ducks zone.
16:06 of 2nd period - Wrist shot by Jaromir Jagr.
16:06 of 2nd period - Deflect By Jeff Carter.
16:06 of 2nd period - Stopped by Martin Brodeur with a rebound.
17:06 of 2nd period - Joey Crabb is hit by Dustin Byfuglien and loses puck.
17:17 of 2nd period - Slapshot by PA Parenteau.
17:17 of 2nd period - Shot Blocked by Matthew Carle.
17:19 of 2nd period - Wrist shot by PA Parenteau.
17:19 of 2nd period - Shot Misses the Net.
17:21 of 2nd period - Wrist shot by Jan Hejda.
17:21 of 2nd period - Deflect By PA Parenteau.
17:21 of 2nd period - Shot Blocked by Tom Pyatt.
17:21 of 2nd period - Puck is out of play.
17:22 of 2nd period - Tyler Bozak wins face-off versus Jeff Carter in Ducks zone.
17:27 of 2nd period - Snap shot by Patrick Kane.
17:27 of 2nd period - Deflect By Tyler Bozak.
17:27 of 2nd period - Shot Blocked by Jan Hejda.
17:27 of 2nd period - Puck is out of play.
17:28 of 2nd period - Jeff Carter wins face-off versus Tyler Bozak in Blackhawks zone.
17:55 of 2nd period - Snap shot by Jaromir Jagr.
17:55 of 2nd period - Stopped by Martin Brodeur without a rebound.
17:56 of 2nd period - Mike Richards wins face-off versus Dustin Byfuglien in Ducks zone.
17:58 of 2nd period - Minor Penalty to Mike Richards for High sticking.
17:59 of 2nd period - David Backes wins face-off versus Martin St. Louis in Ducks zone.
18:01 of 2nd period - Wrist shot by Jeff Carter.
18:01 of 2nd period - Stopped by Martin Brodeur with a rebound.
18:03 of 2nd period - Slapshot by Dustin Byfuglien.
18:03 of 2nd period - Shot Blocked by Dennis Wideman.
18:29 of 2nd period - Slapshot by David Backes.
18:29 of 2nd period - Stopped by Martin Brodeur with a rebound.
18:51 of 2nd period - Dennis Wideman is hit by Martin Hanzal and loses puck.
19:02 of 2nd period - Martin St. Louis is hit by Dustin Byfuglien and loses puck.
19:39 of 2nd period - Snap shot by David Backes.
19:39 of 2nd period - Stopped by Martin Brodeur with a rebound.
19:58 of 2nd period - Penalty to Mike Richards is over, Mike Richards is back on ice.
Goals for this period are 1 for Blackhawks vs 1 for Ducks.
Shots for this period are 10 for Blackhawks vs 11 for Ducks.

3rd period


0:01 of 3rd period - Martin Hanzal wins face-off versus Mike Richards in neutral zone.
0:16 of 3rd period - Wrist shot by Martin Hanzal.
0:16 of 3rd period - Deflect By Dennis Wideman.
0:16 of 3rd period - Shot Misses the Net.
0:16 of 3rd period - Puck is out of play.
0:17 of 3rd period - Mike Richards wins face-off versus Martin Hanzal in Ducks zone.
0:36 of 3rd period - Snap shot by Martin Hanzal.
0:36 of 3rd period - Stopped by Martin Brodeur without a rebound.
0:37 of 3rd period - Patrick Kane wins face-off versus Brooks Laich in Ducks zone.
0:39 of 3rd period - Minor Penalty to Tyler Bozak for Roughing.
0:40 of 3rd period - Martin St. Louis wins face-off versus David Backes in Ducks zone.
1:54 of 3rd period - Matthew Carle is hit by Patrick Wiercioch and loses puck.
2:39 of 3rd period - Penalty to Tyler Bozak is over, Tyler Bozak is back on ice.
3:25 of 3rd period - Brett Bellemore is hit by Dustin Byfuglien and loses puck.
3:38 of 3rd period - Brett Bellemore is hit by Cal Clutterbuck and loses puck.
3:45 of 3rd period - James Sheppard is hit by Jeff Carter and loses puck.
4:09 of 3rd period - Jordie Benn is hit by Brett Bellemore and loses puck.
4:14 of 3rd period - Wrist shot by Matt Frattin.
4:14 of 3rd period - Shot Misses the Net.
4:36 of 3rd period - Snap shot by Ryan Callahan.
4:36 of 3rd period - Shot Blocked by Matthew Carle.
4:38 of 3rd period - Wrist shot by Michael Del Zotto.
4:38 of 3rd period - Stopped by Martin Brodeur with a rebound.
4:40 of 3rd period - Slapshot by Michael Del Zotto.
4:40 of 3rd period - Shot Blocked by Matthew Carle.
5:03 of 3rd period - Marc Staal is hit by Cal Clutterbuck and loses puck.
5:38 of 3rd period - Slapshot by PA Parenteau.
5:38 of 3rd period - Stopped by Martin Brodeur with a rebound.
5:40 of 3rd period - Wrist shot by Dustin Byfuglien.
5:40 of 3rd period - Shot Blocked by Mike Richards.
5:42 of 3rd period - Snap shot by Brooks Laich.
5:42 of 3rd period - Shot Misses the Net.
5:44 of 3rd period - Slapshot by Jan Hejda.
5:44 of 3rd period - Shot Blocked by Mike Richards.
5:46 of 3rd period - Slapshot by Jan Hejda.
5:46 of 3rd period - Deflect By PA Parenteau.
5:46 of 3rd period - Stopped by Martin Brodeur with a rebound.
6:06 of 3rd period - Wrist shot by TJ Galiardi.
6:06 of 3rd period - Shot Misses the Net.
6:08 of 3rd period - Slapshot by Brett Bellemore.
6:08 of 3rd period - Deflect By James Sheppard.
6:08 of 3rd period - Shot Misses the Net.
6:08 of 3rd period - Puck is out of play.
6:09 of 3rd period - Jonathan Huberdeau wins face-off versus Martin Hanzal in Blackhawks zone.
7:22 of 3rd period - PA Parenteau is hit by Dennis Wideman and loses puck.
8:27 of 3rd period - Snap shot by Martin Hanzal.
8:27 of 3rd period - Stopped by Martin Brodeur with a rebound.
8:29 of 3rd period - Slapshot by Jan Hejda.
8:29 of 3rd period - Shot Blocked by Tom Pyatt.
8:29 of 3rd period - Tom Pyatt from Ducks is injured at 8:29 of 3rd period (Strained Right Knee).
8:30 of 3rd period - Mike Richards wins face-off versus Martin Hanzal in Ducks zone.
8:47 of 3rd period - Snap shot by Martin St. Louis.
8:47 of 3rd period - Shot Misses the Net.
8:49 of 3rd period - Snap shot by Matthew Carle.
8:49 of 3rd period - Stopped by Anton Khudobin without a rebound.
8:50 of 3rd period - Mike Richards wins face-off versus Martin Hanzal in Blackhawks zone.
9:53 of 3rd period - Wrist shot by Tyler Bozak.
9:53 of 3rd period - Stopped by Anton Khudobin with a rebound.
9:55 of 3rd period - Wrist shot by Patrick Kane.
9:55 of 3rd period - Shot Blocked by Brock Nelson.
9:57 of 3rd period - Slapshot by Marc Staal.
9:57 of 3rd period - Shot Blocked by Justin Braun.
9:59 of 3rd period - Slapshot by Anton Stralman.
9:59 of 3rd period - Shot Blocked by Ryan Callahan.
10:13 of 3rd period - Slapshot by James Sheppard.
10:13 of 3rd period - Shot Misses the Net.
10:15 of 3rd period - Snap shot by Anton Stralman.
10:15 of 3rd period - Shot Blocked by Michael Del Zotto.
10:17 of 3rd period - Snap shot by Marc Staal.
10:17 of 3rd period - Shot Misses the Net.
10:19 of 3rd period - Slapshot by Anton Stralman.
10:19 of 3rd period - Stopped by Anton Khudobin without a rebound.
10:20 of 3rd period - Jeff Carter wins face-off versus Jonathan Huberdeau in Blackhawks zone.
10:29 of 3rd period - Jonathan Huberdeau is hit by Cal Clutterbuck and loses puck.
10:56 of 3rd period - Snap shot by Jaromir Jagr.
10:56 of 3rd period - Stopped by Martin Brodeur with a rebound.
10:58 of 3rd period - Wrist shot by Torey Krug.
10:58 of 3rd period - Shot Misses the Net.
11:16 of 3rd period - Slapshot by Martin St. Louis.
11:16 of 3rd period - Shot Blocked by Dustin Byfuglien.
11:18 of 3rd period - Wrist shot by Martin St. Louis.
11:18 of 3rd period - Deflect By James Neal.
11:18 of 3rd period - Shot Misses the Net.
11:18 of 3rd period - Puck is out of play.
11:19 of 3rd period - Brooks Laich wins face-off versus Mike Richards in Blackhawks zone.
11:26 of 3rd period - Snap shot by PA Parenteau.
11:26 of 3rd period - Shot Blocked by Dennis Wideman.
11:29 of 3rd period - Double Minor Penalty to PA Parenteau for Roughing.
11:30 of 3rd period - Brooks Laich wins face-off versus Mike Richards in Blackhawks zone.
11:45 of 3rd period - Jan Hejda is hit by Matthew Carle and loses puck.
11:53 of 3rd period - Icing by James Neal.
11:54 of 3rd period - Mike Richards wins face-off versus Brooks Laich in Ducks zone.
12:26 of 3rd period - Dennis Wideman is hit by Martin Hanzal and loses puck.
12:40 of 3rd period - Dennis Wideman is hit by Ryan Callahan and loses puck.
13:01 of 3rd period - Brooks Laich is hit by Tyler Bozak.
13:05 of 3rd period - Slapshot by Jan Hejda.
13:05 of 3rd period - Shot Blocked by Dennis Wideman.
13:47 of 3rd period - Snap shot by Martin St. Louis.
13:47 of 3rd period - Deflect By James Neal.
13:47 of 3rd period - Stopped by Anton Khudobin with a rebound.
14:15 of 3rd period - Wrist shot by Patrick Kane.
14:15 of 3rd period - Goal by Patrick Kane - Blackhawks : 1 - Ducks : 3.
14:16 of 3rd period - David Backes wins face-off versus Jonathan Huberdeau in neutral zone.
14:32 of 3rd period - Snap shot by Jonathan Huberdeau.
14:32 of 3rd period - Shot Misses the Net.
14:49 of 3rd period - Brett Bellemore is hit by Andrew Shaw and loses puck.
15:46 of 3rd period - Slapshot by Patrick Wiercioch.
15:46 of 3rd period - Stopped by Martin Brodeur with a rebound.
15:48 of 3rd period - Wrist shot by Dustin Byfuglien.
15:48 of 3rd period - Deflect By Brooks Laich.
15:48 of 3rd period - Shot Misses the Net.
15:48 of 3rd period - Puck is out of play.
15:49 of 3rd period - Brooks Laich wins face-off versus Sean Bergenheim in Ducks zone.
15:50 of 3rd period - Wrist shot by Dustin Byfuglien.
15:50 of 3rd period - Shot Blocked by Sean Bergenheim.
15:52 of 3rd period - Wrist shot by Dustin Byfuglien.
15:52 of 3rd period - Stopped by Martin Brodeur with a rebound.
16:02 of 3rd period - Wrist shot by Dustin Byfuglien.
16:02 of 3rd period - Stopped by Martin Brodeur without a rebound.
16:03 of 3rd period - James Neal wins face-off versus Jeff Carter in Ducks zone.
16:03 of 3rd period - James Neal is hit by Michael Del Zotto.
16:31 of 3rd period - Slapshot by Martin St. Louis.
16:31 of 3rd period - Shot Misses the Net.
16:33 of 3rd period - Slapshot by Matthew Carle.
16:33 of 3rd period - Shot Blocked by Cal Clutterbuck.
16:40 of 3rd period - Minor Penalty to Jaromir Jagr for Interference.
16:41 of 3rd period - Tyler Bozak wins face-off versus Martin Hanzal in Blackhawks zone.
16:47 of 3rd period - Snap shot by Tyler Bozak.
16:47 of 3rd period - Stopped by Anton Khudobin with a rebound.
17:05 of 3rd period - Ryan Callahan is hit by Matthew Carle and loses puck.
17:26 of 3rd period - Justin Braun is hit by Tyler Bozak.
17:30 of 3rd period - Patrick Kane is hit by Martin Hanzal and loses puck.
18:33 of 3rd period - Snap shot by Martin St. Louis.
18:33 of 3rd period - Shot Misses the Net.
18:35 of 3rd period - Slapshot by Dennis Wideman.
18:35 of 3rd period - Goal by Dennis Wideman - Blackhawks : 1 - Ducks : 4.
18:36 of 3rd period - David Backes wins face-off versus Jonathan Huberdeau in neutral zone.
18:49 of 3rd period - Wrist shot by Jonathan Huberdeau.
18:49 of 3rd period - Stopped by Anton Khudobin with a rebound.
18:51 of 3rd period - Snap shot by Michal Rozsival.
18:51 of 3rd period - Deflect By David Backes.
18:51 of 3rd period - Goal by Michal Rozsival - Blackhawks : 1 - Ducks : 5.
18:52 of 3rd period - Tyler Bozak wins face-off versus Brooks Laich in neutral zone.
19:11 of 3rd period - Snap shot by Tyler Bozak.
19:11 of 3rd period - Deflect By Patrick Kane.
19:11 of 3rd period - Shot Hit the Post.
19:11 of 3rd period - Puck is out of play.
19:12 of 3rd period - Tyler Bozak wins face-off versus Brooks Laich in Blackhawks zone.
19:23 of 3rd period - Snap shot by PA Parenteau.
19:23 of 3rd period - Deflect By Dustin Byfuglien.
19:23 of 3rd period - Stopped by Martin Brodeur with a rebound.
19:56 of 3rd period - Martin St. Louis is hit by Curtis Glencross and loses puck.
Goals for this period are 0 for Blackhawks vs 3 for Ducks.
Shots for this period are 10 for Blackhawks vs 9 for Ducks.


Output by the SimonT Hockey Simulator (STHS) for Eric Dolegowski -- Original Page W3C XHTML 1.0 Valid
Hockey Simulator - Hockey Simulation - Hockey Manager